 Seeded DCSS version 0.29.1-15-g9cfb28693d (webtiles) character file.

Game seed: 8515177902725472229 (custom seed)

4 Psyclone the Conjurer (level 1, -2/10 HPs)
             Began as a Deep Elf Conjurer on Oct 4, 2023.
             Slain by a gnoll
             ... wielding a +0 spear
              (3 damage)
             ... on level 2 of the Dungeon.
             The game lasted 00:00:29 (148 turns).

Psyclone the Conjurer (Deep Elf Conjurer)            Turns: 148, Time: 00:00:30

Health: -2/10      AC:  3    Str:  4    XL:     1   Next: 58%
Magic:  4/6        EV: 12    Int: 22    God:
Gold:   0          SH:  0    Dex: 13    Spells: 5/6 levels left

rFire   + . .      SeeInvis .   (no weapon)
rCold   . . .      Faith    .   (no shield)
rNeg    . . .      Spirit   .   a - +0 robe
rPois   .          Reflect  .   (no helmet)
rElec   .          Harm     .   (no cloak)
rCorr   .          Rampage  .   (no gloves)
Will    +....                   (no boots)
Stlth   ++........              (no amulet)
HPRegen 0.03/turn               (no ring)
MPRegen 0.10/turn               (no ring)

@: no status effects
A: fire resistance 1, strong-willed 1, shaggy fur 1, wild magic 1
a: no special abilities


You were on level 2 of the Dungeon.
You visited 1 branch of the dungeon, and saw 2 of its levels.

Inventory:

Armour
 a - a +0 robe (worn)
Scrolls
 d - a scroll of acquirement {unknown}
Potions
 b - a potion of magic
 c - a potion of curing {unknown}


   Skills:
 + Level 2.5 Dodging
 + Level 2.6 Stealth
 + Level 3.1 Spellcasting
 + Level 4.4 Conjurations


You had 5 spell levels left.
You knew the following spells:

 Your Spells              Type           Power      Damage    Failure   Level
a - Magic Dart            Conj           100%       1d8       3%          1

Your spell library contained the following spells:

 Spells                   Type           Power      Damage    Failure   Level
 Searing Ray              Conj           60%        2d6       5%          2
 Dazzling Flash           Conj/Hex       34%        N/A       21%         3
 Fulminant Prism          Conj/Hex       8%         3d7       52%         4
 Iskenderun's Mystic Bla  Conj/Tloc      17%        2d5       52%         4


Dungeon Overview and Level Annotations

Branches:
Dungeon (2/15) Zot: 11851

Altars:
Xom


Innate Abilities, Weirdness & Mutations

Your flesh is heat resistant. (rF+)
You are strong-willed. (Will+)
You are covered in fur. (AC +1)
Your spells are a little harder to cast, but a little more powerful.


Message History

The ball python barely misses you. The jackal misses you.
You take 3 damage, and have 2/10 hp.
MASSIVE DAMAGE!!
The ball python attacks as you move away!
The ball python closely misses you. x2
The ball python attacks as you move away!
The ball python bites you but does no damage.
The ball python closely misses you. The ball python barely misses you.
The ball python closely misses you.
The ball python attacks as you move away!
The ball python closely misses you. x2
The ball python attacks as you move away!
The ball python barely misses you.
The ball python attacks as you move away!
The ball python misses you. The ball python barely misses you.
The ball python bites you.
* * * LOW HITPOINT WARNING * * *
The ball python grabs you. The ball python constricts you.
* * * LOW HITPOINT WARNING * * *
You take 2 damage, and have 1/10 hp.
You escape the ball python's grasp.
Found a quarterstaff.
A gnoll comes into view. It is wielding a +0 spear.
The ball python attacks as you move away!
The ball python completely misses you. The ball python barely misses you.
A gnoll comes into view. It is wielding a +0 spear.
Found 3 scrolls labelled PARPHUNOUG.
The gnoll shouts!
The gnoll throws a throwing net.
The throwing net misses you.
The throwing net completely misses the ball python.
The ball python attacks as you move away!
The ball python closely misses you. x2
A gnoll comes into view. It is wielding a +0 whip.
The ball python attacks as you move away!
The ball python barely misses you. The ball python closely misses you.
The ball python misses you.
You see here a +0 quarterstaff.
The ball python attacks as you move away!
The ball python misses you. The ball python closely misses you.
The gnoll shouts! x2
The gnoll hits you with a +0 spear.
You die... #### gg#

#g#
#@#
#S#
#.#
#h#
#l#
#g#
#.#
#g#
#.#


You could see 3 gnolls, a jackal, a hobgoblin, a goblin, a ball python and a
frilled lizard.

Vanquished Creatures
  A bat (D:1)
  2 jackals (D:2)
  A rat (D:1)
4 creatures vanquished.

Notes
Turn   | Place    | Note
-------+----------+-------------------------------------------
     0 | D:1      | Psyclone the Deep Elf Conjurer began the quest for the Orb.
     0 | D:1      | Reached XP level 1. HP: 10/10 MP: 6/6
    54 | D:1      | Gained mutation: You are covered in fur. (AC +1) [potion of
                  | mutation]
    54 | D:1      | Gained mutation: Your spells are a little harder to cast,
                  | but a little more powerful. [potion of mutation]
    54 | D:1      | Gained mutation: You are strong-willed. (Will+) [potion of
                  | mutation]
    54 | D:1      | Gained mutation: Your flesh is heat resistant. (rF+)
                  | [potion of mutation]
   116 | D:2      | Found a shimmering altar of Xom.
   148 | D:2      | Slain by a gnoll

Illustrated notes

Levels and vault maps discovered:
D:1:      sevenhm_arrival_forest_fort_large_4, layout_basic,
          nrook_loot_triangle, minmay_lizard_pond
D:2:      layout_loops_ring, basic_altar, serial_shops,
          nicolae_shop_temple_entry_statues_fountains

Action                   || total
-------------------------++-------
 Cast: Magic Dart        ||     8
  Use: Potion            ||     1
Armor: Robe              ||    11
Dodge: Dodged            ||    51
